 Dungeon Crawl Stone Soup version 0.25-a0-265-g7af84ae (webtiles) character file.

Game seed: 9611223938727309365, levelgen mode: deterministic

4638 Blackhawk the Schismatic (level 10, -2/79 HPs)
             Began as a Demonspawn Abyssal Knight on Dec 8, 2019.
             Was an Elder of Lugonu.
             Killed from afar by an orc wizard (5 damage)
             ... with a magic dart
             ... on level 9 of the Dungeon.
             The game lasted 00:11:03 (8488 turns).

Blackhawk the Schismatic (DsAK)                     Turns: 8488, Time: 00:11:03

Health: -2/79      AC: 10    Str: 15    XL:     10   Next: 20%
Magic:  16/16      EV: 13    Int: 15    God:    Lugonu [****..]
Gold:   221        SH:  0    Dex: 12    Spells: 9/9 levels left

rFire    + + .     SeeInvis .   d - +1 war axe (flame)
rCold    x . .     Gourm    .   (no shield)
rNeg     . . .     Faith    .   B - +0 fire dragon scales
rPois    .         Spirit   .   (helmet restricted)
rElec    .         Reflect  .   o - scarf {cloud immunity}
rCorr    .         Harm     .   (no gloves)
MR       .....                  (no boots)
Stlth    +.........             (no amulet)
HPRegen  0.23/turn              (no ring)
MPRegen  0.15/turn              (no ring)

@: no status effects
A: horns 2, demonic guardian 1, powered by death 1, sturdy frame 2
a: Depart the Abyss, Bend Space, Banish, Corrupt, Renounce Religion


You were on level 9 of the Dungeon.
You worshipped Lugonu.
Lugonu was greatly pleased with you.
You were hungry.

You visited 1 branch of the dungeon, and saw 9 of its levels.
You visited the Abyss 1 time.

You collected 392 gold pieces.
You spent 171 gold pieces at shops.

Inventory:

Hand Weapons
 a - a +1 hand axe
 d - a +1 war axe of flaming (weapon)
Missiles
 y - 2 throwing nets (quivered)
Armour
 b - a +0 leather armour
 e - a +0 chain mail
 h - a +0 plate armour
 n - a +0 helmet
 o - a scarf of cloud immunity (worn)
 B - +0 fire dragon scales (worn)
 K - a +0 cloak
Wands
 C - a wand of enslavement (10)
 E - a wand of iceblast (14)
Scrolls
 f - 2 scrolls of immolation {unknown}
 g - 9 scrolls of identify
 i - 6 scrolls of remove curse
 k - 4 scrolls of random uselessness {unknown}
 l - 3 scrolls of enchant armour {unknown}
 m - 2 scrolls of noise {unknown}
 p - 2 scrolls of magic mapping {unknown}
 u - a scroll of amnesia {unknown}
 v - a scroll of enchant weapon {unknown}
 w - 5 scrolls of blinking {unknown}
 x - 2 scrolls of fear {unknown}
 D - 3 scrolls of vulnerability {unknown}
 G - a scroll of fog {unknown}
 I - a scroll of holy word {unknown}
 J - a scroll of teleportation {unknown}
Potions
 j - 3 potions of mutation {unknown}
 q - 2 potions of flight {unknown}
 r - 3 potions of brilliance {unknown}
 s - 3 potions of curing {unknown}
 t - 4 potions of lignification {unknown}
 z - a potion of invisibility {unknown}
 A - 2 potions of heal wounds {unknown}
 F - 2 potions of degeneration {unknown}
 H - a potion of agility {unknown}
Comestibles
 c - 18 rations


   Skills:
 + Level 7.4 Fighting
 + Level 6.4 Axes
 + Level 6.3 Armour
 + Level 6.1 Dodging
 + Level 9.1 Invocations


You had 9 spell levels left.
You didn't know any spells.
Your spell library contained the following spells:

 Spells                   Type           Power        Failure   Level  Hunger
 Shock                    Conj/Air       #...         43%         1    ##.....
 Swiftness                Chrm/Air       #.......     58%         2    ###....
 Static Discharge         Conj/Air       #.......     82%         3    ####...
 Airstrike                Air            #.........   99%         4    #####..
 Lightning Bolt           Conj/Air       #.........   100%        5    ######.


Dungeon Overview and Level Annotations

Branches:
Dungeon (9/15)             Temple (0/1) D:5            Lair (0/6) D:8
    Orc: D:9-12

Altars:
Ashenzari
Dithmenos
Fedhas
Makhleb
Nemelex Xobeh
Qazlal
Trog
Uskayaw
Vehumet
Yredelemnul
Zin

Shops:
D:6 *


Innate Abilities, Weirdness & Mutations

You have a pair of horns on your head.
A weak demonic guardian rushes to your aid.
You regenerate a little health from kills.
Your movements are less encumbered by armour. (ER -4)


Message History

Your fire dragon scales prevents you from hitting the orc warrior.
You closely miss the orc wizard.
The orc wizard hits you but does no damage.
The orc warrior hits you with a +0 war axe!
* * * LOW HITPOINT WARNING * * *
The orc wizard hits you but does no damage.
You swap places.
The orc wizard casts a spell.
The orc wizard blinks!
The orc warrior hits your white imp with a +0 war axe!
Your white imp dies!
Things that are here:
an arrow; a sky beast corpse The orc wizard barely misses you.
You see here 2 arrows.
You hit the orc wizard but do no damage.
The orc wizard is severely wounded.
The orc wizard points at you and mumbles some strange words.
The magic dart hits you.
You die...

#.# #.### ## ###...###o.
#. .. ....... #.####.
#c..###.. #### .....
#oo...... #... #.. ...
#(####### #.## #.# #.#
#(# ###.## ##.#####.# #@#
#..... .....##.# #o#
#.#.## #>##.##.# ####(##
####.#.##
#.##.##.###.....#
###........
###...<.....#.#...#
#.........#
#.))))..###.......#
#.###...#.#
..))##..##..###...#####.#
#...#.# #.......##.##
##......#.# #[..#<#
..#####....# #........#
#####..


You could see an orc warrior, a centaur, an orc wizard and an orc.

Vanquished Creatures
  Erolcha (D:9)
  A two-headed ogre (D:8)
  Grinder (D:6)
  A hippogriff (D:9)
  An orc warrior (D:8)
  4 sky beasts
  An ice beast (D:6)
  4 ogres
  A big kobold (D:6)
  3 bullfrogs
  A gnoll sergeant (D:9)
  A water moccasin zombie (D:6)
  3 scorpions
  3 wights (D:8)
  3 howler monkeys
  2 crimson imps (D:5)
  A bullfrog zombie (D:6)
  A jelly (D:7)
  10 orc wizards
  A centaur skeleton (D:5)
  2 hounds (D:5)
  6 orc priests
  Crazy Yiuf (D:7)
  Terence (D:2)
  2 iguanas
  8 worker ants
  A hound zombie (D:7)
  7 gnolls
  4 adders
  An ooze (D:5)
  2 adder zombies
  An adder skeleton (D:5)
  4 worms
  3 dart slugs
  5 leopard geckos
  29 orcs
  5 giant cockroaches
  8 goblins
  6 hobgoblins
  3 jackals (D:1)
  13 kobolds
  5 quokkas
  3 ball pythons
  5 bats
  3 frilled lizards
  A jackal skeleton (D:5)
  A quokka skeleton (D:6)
  8 rats
182 creatures vanquished.

Vanquished Creatures (collateral kills)
  A komodo dragon (D:8)
  2 ogres (D:7)
  A scorpion (D:9)
  A howler monkey (D:7)
  An orc wizard (D:7)
  A shadow imp (D:6)
  2 orcs
9 creatures vanquished.

Vanquished Creatures (others)
  A plant (D:8)
1 creature vanquished.

Grand Total: 192 creatures vanquished

Notes
Turn   | Place    | Note
-------+----------+-------------------------------------------
     0 | Abyss:1  | Blackhawk the Demonspawn Abyssal Knight began the quest for
                  | the Orb.
     0 | Abyss:1  | Reached XP level 1. HP: 18/18 MP: 2/2
    71 | Abyss:2  | Noticed a thrashing horror
    76 | D:1      | Escaped the Abyss
    76 | D:1      | Noticed an ice dragon
    76 | D:1      | Noticed a tentacled monstrosity
    78 | D:1      | Noticed a tentacled monstrosity
    80 | D:1      | Noticed a purple draconian
    82 | D:1      | Noticed a shadow dragon
    84 | D:1      | Noticed a red draconian
    85 | D:1      | Noticed a red draconian
   111 | D:1      | Noticed a large abomination
   114 | D:1      | Noticed a red draconian
   114 | D:1      | Noticed a large abomination
   116 | D:1      | Noticed a white draconian
   116 | D:1      | Noticed an ice dragon
   118 | D:1      | Noticed an iron dragon
   118 | D:1      | Noticed an orb of fire
   120 | D:1      | Noticed a shadow dragon
   122 | D:1      | Noticed a white draconian
   124 | D:1      | Noticed an iron dragon
   141 | D:1      | Reached skill level 1 in Dodging
   251 | D:1      | Reached * piety under Lugonu
   256 | D:1      | Gained mutation: Your movements are slightly less
                  | encumbered by armour. (ER -2) [demonic ancestry]
   256 | D:1      | Reached XP level 2. HP: 11/24 MP: 4/4
   715 | D:1      | Reached skill level 3 in Invocations
   715 | D:1      | Gained mutation: You have a pair of small horns on your
                  | head. [demonic ancestry]
   715 | D:1      | Reached XP level 3. HP: 29/29 MP: 5/5
  1540 | D:2      | Found a blossoming altar of Fedhas.
  1639 | D:2      | Noticed a +0 hand axe
  1639 | D:2      | Noticed a +0 hand axe
  1641 | D:2      | Found a hide-covered altar of Uskayaw.
  1725 | D:2      | Reached ** piety under Lugonu
  1771 | D:2      | Gained mutation: A weak demonic guardian rushes to your
                  | aid. [demonic ancestry]
  1771 | D:2      | Reached XP level 4. HP: 34/35 MP: 6/6
  1793 | D:2      | Noticed Terence
  1805 | D:2      | Killed Terence
  1956 | D:2      | Found a faded altar of an unknown god.
  2112 | D:3      | Found a shadowy altar of Dithmenos.
  2112 | D:3      | Found a shattered altar of Ashenzari.
  2327 | D:3      | You fall into a shaft and drop 1 floor!
  2369 | D:4      | Reached XP level 5. HP: 42/42 MP: 7/7
  2875 | D:4      | Noticed an ogre
  2884 | D:4      | Killed an ogre
  2884 | D:4      | Reached skill level 4 in Invocations
  2956 | D:4      | Noticed an ogre
  2962 | D:4      | Killed an ogre
  2962 | D:4      | Gained mutation: You regenerate a little health from kills.
                  | [demonic ancestry]
  2962 | D:4      | Reached XP level 6. HP: 47/48 MP: 9/9
  3031 | D:4      | Noticed a moth of wrath
  3034 | D:4      | Found a bloodstained altar of Trog.
  3556 | D:5      | Entered Level 5 of the Dungeon
  3582 | D:5      | Found a staircase to the Ecumenical Temple.
  3762 | D:5      | Gained mutation: You have a pair of horns on your head.
                  | [demonic ancestry]
  3762 | D:5      | Reached XP level 7. HP: 45/55 MP: 10/10
  3916 | D:5      | Reached skill level 5 in Invocations
  3916 | D:5      | Reached *** piety under Lugonu
  4166 | D:5      | Found a sparkling altar of Nemelex Xobeh.
  4730 | D:6      | Reached skill level 5 in Fighting
  4769 | D:6      | Identified the +5 dagger of Bread {freeze, Fragile Dex+3}
                  | (You found it on level 6 of the Dungeon)
  4830 | D:6      | Gained mutation: Your movements are less encumbered by
                  | armour. (ER -4) [demonic ancestry]
  4830 | D:6      | Reached XP level 8. HP: 40/62 MP: 12/12
  4831 | D:6      | Reached skill level 6 in Invocations
  5165 | D:6      | Found Pebyq's Assorted Antiques.
  5177 | D:6      | Noticed Grinder
  5195 | D:6      | Killed Grinder
  5199 | D:6      | Bought a scroll labeled BOTTIF BEFU for 29 gold pieces
  5199 | D:6      | Bought a scroll labeled ETENAS WASUAV for 29 gold pieces
  5199 | D:6      | Bought a scroll labeled REQENA URYGE for 29 gold pieces
  5199 | D:6      | Bought a scroll labeled ETENAS WASUAV for 29 gold pieces
  5199 | D:6      | Bought a scroll labeled EXZAGA FAGA for 29 gold pieces
  5199 | D:6      | Bought a coppery potion for 26 gold pieces
  5881 | D:7      | Reached skill level 7 in Invocations
  5890 | D:6      | Reached skill level 5 in Axes
  6071 | D:6      | Reached skill level 5 in Armour
  6123 | D:6      | Reached **** piety under Lugonu
  6142 | D:7      | Reached XP level 9. HP: 63/69 MP: 14/14
  6537 | D:7      | Found a basalt altar of Yredelemnul.
  6709 | D:7      | Found a runed translucent door.
  6710 | D:7      | Noticed Crazy Yiuf
  6867 | D:7      | Killed Crazy Yiuf
  6980 | D:8      | Reached skill level 5 in Dodging
  7134 | D:8      | Found a burning altar of Makhleb.
  7136 | D:8      | Noticed a balrug
  7138 | D:8      | Found a glowing silver altar of Zin.
  7139 | D:8      | Noticed an angel
  7176 | D:8      | Found a stormy altar of Qazlal.
  7193 | D:8      | Noticed a komodo dragon
  7194 | D:8      | Found a staircase to the Lair.
  7208 | D:8      | Killed a komodo dragon
  7208 | D:8      | Reached skill level 8 in Invocations
  7810 | D:8      | Found the +0 Maxwell's etheric cage {RegenMP+ *Contam rElec
                  | MP+4}
  7838 | D:8      | Noticed a two-headed ogre
  7858 | D:8      | Killed a two-headed ogre
  8011 | D:9      | Reached XP level 10. HP: 77/79 MP: 16/16
  8023 | D:9      | Noticed Erolcha
  8037 | D:9      | Killed Erolcha
  8037 | D:9      | Reached skill level 9 in Invocations
  8445 | D:9      | Found a radiant altar of Vehumet.
  8485 | D:9      | HP: 2/79 [orc warrior/+0 war axe (10)]
  8488 | D:9      | Killed from afar by an orc wizard

Levels and vault maps discovered:
D:1:      shiori_arrival_whats_in_store_for_you, layout_basic,
          minmay_misc_feat_roman
D:2:      layout_loops_ring, dancing_weapons_uskayaw,
          chequers_ecumenical_altar_simple_redux, fedhas_ov_isle_minmay,
          uniq_terence
D:3:      layout_rooms, nicolae_overflow_crystal_walls, grunt_gozag_statues,
          grunt_dithmenos_smoke, ashenzari_altar_1
D:4:      layout_loops_ring, first_ration, hex_medium, tgw_trog
D:5:      layout_loops_corners, nemelex_xobeh_ov_fountains_minmay,
          minmay_temple_entry_tees
D:6:      layout_basic, serial_shops, shop_fountains, hangedman_decor_riveting,
          eino_small_chamber_without_monster, uniq_grinder
D:7:      layout_cave_pools, yredelemnul_altar_generic, grunt_ogre_cave,
          uniq_crazy_yiuf_cottage
D:8:      layout_gridville, grunt_temple_overflow_order_and_chaos_2,
          nicolae_qazlal_style_of_elements, david_lair_shrubbed,
          serial_bayou_pond_e, hangedman_glass_teeth
D:9:      layout_loops_cross, old_standard_altar,
          nicolae_overflow_hidden_temple, columned_hall_lemuel,
          nemelex_dance_club_becter, uniq_erolcha

Skill      XL: |  1  2  3  4  5  6  7  8  9 10 |
---------------+-------------------------------+-----
Dodging        | 1 2 3 4 5 6 |  6.1
Axes           | 2 3 4 5 6 |  6.4
Armour         | 2 3 4 5 6 |  6.3
Invocations    | 3 4 5 7 8 9 |  9.1
Fighting       | 4 5 6 7 |  7.4

Action                   |  1- 3 |  4- 6 |  7- 9 | 10-12 || total
-------------------------+-------+-------+-------+-------++-------
Melee: War axe           |    99 |   133 |   311 |    23 ||   566
       Headbutt          |     7 |    18 |    47 |     6 ||    78
Invok: Depart the Abyss  |     1 |       |       |       ||     1
  Use: Scroll            |       |       |     2 |       ||     2
 Stab: Distracted        |       |     2 |     1 |       ||     3
  Eat: Chunk             |     3 |     6 |    14 |     1 ||    24
Armor: Chain mail        |    59 |       |       |       ||    59
       Leather armour    |     1 |       |       |       ||     1
       Plate armour      |    40 |    79 |   205 |       ||   324
       Fire dragon scale |       |       |       |    11 ||    11
Dodge: Dodged            |    40 |    34 |   120 |    20 ||   214

Table legend:
 A = Non-vault XP
 B = Vault XP
 C = Vault XP percentage of total XP
 D = Non-vault monster count
 E = Vault monster count
 F = Vault count percentage of total count
                 A         B        C        D         E       F
            +---------+---------+-------+---------+---------+-------
      Total |    4998 |    1629 |  24.6 |     180 |      11 |   5.8
            +---------+---------+-------+---------+---------+-------
        D:1 |      67 |       0 |   0.0 |      22 |       0 |   0.0
        D:2 |      53 |      32 |  37.6 |      25 |       1 |   3.8
        D:3 |      19 |       0 |   0.0 |       4 |       0 |   0.0
        D:4 |     369 |      17 |   4.4 |      19 |       5 |  20.8
        D:5 |     634 |       0 |   0.0 |      20 |       0 |   0.0
        D:6 |    1116 |     236 |  17.5 |      39 |       1 |   2.5
        D:7 |     512 |     154 |  23.1 |      13 |       2 |  13.3
        D:8 |    1673 |     287 |  14.6 |      27 |       1 |   3.6
        D:9 |     555 |     903 |  61.9 |      11 |       1 |   8.3
            +---------+---------+-------+---------+---------+-------
